 Dungeon Sprint DCSS version 0.17.1-3-g152610e (webtiles) character file.

17529 Kokonut the Shatterer (level 12, -7/118 (122) HPs)
             Began as a Minotaur Berserker on Apr 3, 2016.
             Was a High Priest of Trog.
             Mangled by Grum
             ... wielding a +0 glaive
              (8 damage)
             ... in the Dungeon (Sprint V: "Ziggurat Sprint").
             The game lasted 00:13:31 (1202 turns).

Kokonut the Shatterer (Minotaur Berserker)          Turns: 1202, Time: 00:13:31

HP:   -7/118 (122)  AC: 26    Str: 29    XL:     12   Next: 19%
MP:   11/11         EV: 11    Int:  5    God:    Trog [*****.]
Gold: 0             SH: 35    Dex: 28    Spells: 0 memorised, 11 levels left

rFire  . . .     SeeInvis .     N - +5 demon whip (venom)
rCold  . . .     Clarity  +     L - +15 Maxwell's patent armour {-Cast -Tele rElec MR+ rCorr}
rNeg   + . .     SustAt   .     M - +18 shield of the gong {rElec rN+ MR+ EV-5}
rPois  +         Gourm    .     (helmet restricted)
rElec  +         Spirit   .     (no cloak)
rCorr  +         Warding  .     S - +0 pair of gloves of Jipt {rPois MR- Dex+9}
rMut   .         NoTele   +     (no boots)
MR     +++..     NoCast   +     O - amulet of clarity
Stlth  ..........               E - +6 ring of dexterity
                                J - +6 ring of strength

@: lethally poisoned (-7 -> -7), exhausted, regenerating, slowed, studying
Fighting, very slow, extremely resistant to hostile enchantments, extremely
unstealthy
A: retaliatory headbutt, horns 2, deformed body
a: Berserk, Trog's Hand, Brothers in Arms, Burn Spellbooks, Renounce Religion


You were in the Dungeon.
You worshipped Trog.
Trog was extremely pleased with you.
You were near starving.

You visited 1 branch

Inventory:

Hand Weapons
 N - a +5 demon whip of venom (weapon)
Armour
 k - a +5 gold dragon armour
 L - the +15 Maxwell's patent armour (worn) {-Cast -Tele rElec MR+ rCorr}
   (You found it in the Dungeon)

   It insulates you from electricity.
   It affects your resistance to hostile enchantments.
   It prevents spellcasting.
   It prevents most forms of teleportation.
   It protects you from acid and corrosion.
 M - the +18 shield of the gong (worn) {rElec rN+ MR+ EV-5}
   (You found it in the Dungeon)

   It affects your evasion (-5).
   It insulates you from electricity.
   It protects you from negative energy.
   It affects your resistance to hostile enchantments.
 S - the +0 pair of gloves of Jipt (worn) {rPois MR- Dex+9}
   (You found it in the Dungeon)

   It affects your dexterity (+9).
   It protects you from poison.
   It affects your resistance to hostile enchantments.
Rods
 R - a +5 rod of destruction (9/9)
   (You found it in the Dungeon)
Jewellery
 a - an uncursed ring of protection from cold
 b - a +6 ring of intelligence
 j - a +6 ring of dexterity
 E - a +6 ring of dexterity (right hand)
 F - a +6 ring of dexterity
 G - a +6 ring of intelligence
 I - a +6 ring of strength
 J - a +6 ring of strength (left hand)
 O - an amulet of clarity (around neck)
 T - an uncursed ring of sustain attributes
 U - an uncursed amulet of resist mutation
 X - an uncursed amulet of the gourmand
Wands
 y - a wand of disintegration (7)
 B - a wand of fire (5)
 C - a wand of cold (5)
 D - a wand of draining (5)
Scrolls
 i - 4 scrolls of blinking
 s - 3 scrolls of recharging
 t - 7 scrolls of fog
 u - a scroll of holy word
 v - 5 scrolls of identify
 w - 5 scrolls of remove curse
 x - 2 scrolls of fear
Potions
 d - 10 potions of curing
 e - 10 potions of heal wounds
 f - 6 potions of haste
 g - 7 potions of magic
 h - 3 potions of berserk rage
 m - 2 potions of brilliance
 n - 2 potions of invisibility
 o - 4 potions of resistance
 q - 5 potions of agility
 r - 5 potions of might
Books
 Z - a manual of Fighting
Comestibles
 c - 5 bread rations
 z - 36 fruits
 A - 4 meat rations


   Skills:
 + Level 16.1 Fighting
 + Level 21.1 Maces & Flails
 + Level 11.3 Armour
 + Level 8.9 Dodging
 - Level 17.3 Shields


You had 11 spell levels left.
You didn't know any spells.

Dungeon Overview and Level Annotations

Branches:
Dungeon (1/1)

Altars:
Ashenzari
Cheibriados
Dithmenos
Elyvilon
Fedhas
Gozag
Kikubaaqudgha
Makhleb
Nemelex Xobeh
Okawaru
Qazlal
Ru
Sif Muna
Trog
Vehumet
Xom
Yredelemnul
Zin
The Shining One
Beogh
Jiyva
Lugonu

Annotations:
D Erica, Gastronok, Grum, Kirke


Innate Abilities, Weirdness & Mutations

You reflexively headbutt those who attack you in melee.
You have a pair of horns on your head.
Armour fits poorly on your strangely shaped body.


Message History

GONNNNG!
You block the harpy's attack.
SHROANNG!
The harpy claws you but does no damage. x2
You block Grum's attack.
SHROANNG!
Something hits you!
* * * LOW HITPOINT WARNING * * *
You hear a shout!
Something hits you but does no damage. Gastronok bites you!
* * * LOW HITPOINT WARNING * * *
Your skin crawls.
You feel resistant to hostile enchantments.
You feel slightly more hungry.
You feel sick. You block the harpy's attack.
PANG!
The harpy claws you!
* * * LOW HITPOINT WARNING * * *
Your stone giant rages.
Grum hits you from afar with a glaive!
You die...

▓▓▓▓▓▓▓▓▓▓▓▓▓
▓...8©8...▓...8©8...▓..
▓..)||....▓..[.).}..▓..
▓..|)}[:..▓..|).....▓=.
▓.........▓.........▓..
▓.........▓.........▓..
▓....g.{..▓.........▓..
▓....{wH..▓....)....▓..
▓..▓.)@▓..▓.........▓.▓
▓....|CT..▓.▓.....▓.▓..
▓....(....▓.........▓▓▓
▓▓▓▓▓▓▓▓▓▓▓▓▓▓▓▓▓▓▓▓▓


You could see Gastronok, Grum, a harpy, a friendly stone giant (berserk) and a
friendly deep troll (berserk).

Vanquished Creatures
  Polyphemus (D)
  Agnes (D)
  Aizul (D)
  A deep elf conjurer (D)
  4 shining eyes (D)
  A deep elf priest (D)
  A fire drake (shapeshifter) (D)
  2 guardian mummies (D)
  A two-headed ogre (shapeshifter) (D)
  2 slime creatures (D)
  A flying skull (D)
  2 yaks (D)
  A deep elf fighter (D)
  A neqoxec (D)
  A human (shapeshifter) (D)
  Edmund (D)
  5 orc warriors (D)
  A porcupine (D)
  An ice beast (D)
  A hell hound (D)
  A crimson imp (D)
  Crazy Yiuf (D)
  2 jellies (D)
  9 orc priests (D)
  Jessica (D)
  3 orc wizards (D)
  An iguana (D)
  2 mummies (D)
  A river rat (D)
  A shadow imp (D)
  A giant eyeball (D)
  A white imp (D)
  3 adder skeletons (D)
  A bat skeleton (D)
  A jackal (D)
  A giant cockroach zombie (D)
  A giant gecko simulacrum (D)
61 creatures vanquished.

Vanquished Creatures (collateral kills)
  2 death oozes (D)
  A great orb of eyes (D)
  2 mummy priests (D)
  An anubis guard (D)
  2 mummies (D)
  An ooze (D)
9 creatures vanquished.

Grand Total: 70 creatures vanquished

Notes
Turn   | Place    | Note
--------------------------------------------------------------
     0 | D        | Kokonut the Minotaur Berserker began the quest for the Orb.
     0 | D        | Reached XP level 1. HP: 19/19 MP: 0/0
     3 | D        | Found an iron altar of Okawaru.
     3 | D        | Found a radiant altar of Vehumet.
     3 | D        | Found a shimmering altar of Xom.
     3 | D        | Found a burning altar of Makhleb.
     4 | D        | Found a deep blue altar of Sif Muna.
     6 | D        | Found a roughly hewn altar of Beogh.
     6 | D        | Found a corrupted altar of Lugonu.
     6 | D        | Found a viscous altar of Jiyva.
     6 | D        | Found a white marble altar of Elyvilon.
     6 | D        | Found a sparkling altar of Nemelex Xobeh.
     6 | D        | Found a bloodstained altar of Trog.
    62 | D        | Entered arena 1.
    62 | D        | Noticed an ice beast
    68 | D        | Killed an ice beast
    68 | D        | Reached skill level 9 in Maces & Flails
    68 | D        | Reached skill level 5 in Shields
    68 | D        | Reached XP level 2. HP: 26/26 MP: 1/1
    68 | D        | Reached XP level 3. HP: 31/31 MP: 2/2
    68 | D        | Reached XP level 4. HP: 39/39 MP: 3/3
   119 | D        | Entered arena 2.
   119 | D        | Noticed a deep elf fighter
   119 | D        | Noticed a deep elf priest
   119 | D        | Noticed a deep elf conjurer
   126 | D        | Killed a deep elf conjurer
   126 | D        | Reached ** piety under Trog
   126 | D        | Reached skill level 14 in Maces & Flails
   126 | D        | Reached skill level 10 in Shields
   126 | D        | Reached XP level 5. HP: 45/45 MP: 4/4
   126 | D        | Reached XP level 6. HP: 51/51 MP: 5/5
   126 | D        | Reached XP level 7. HP: 57/57 MP: 6/6
   128 | D        | Killed a deep elf fighter
   128 | D        | Reached skill level 15 in Maces & Flails
   132 | D        | Killed a deep elf priest
   132 | D        | Reached *** piety under Trog
   174 | D        | Entered arena 3.
   174 | D        | Noticed a crimson imp
   183 | D        | Killed a crimson imp
   184 | D        | Reached XP level 8. HP: 67/67 MP: 7/7
   189 | D        | Got the ring "Xafakoec" {Wiz Stlth+}
   193 | D        | Entered arena 4.
   193 | D        | Noticed a flying skull
   193 | D        | Noticed a guardian mummy
   201 | D        | Killed a flying skull
   201 | D        | Reached skill level 5 in Fighting
   201 | D        | Reached skill level 16 in Maces & Flails
   206 | D        | Killed a guardian mummy
   206 | D        | Reached skill level 5 in Armour
   212 | D        | Got the ring "Yreuwuc" {Fire rElec}
   244 | D        | Entered arena 5.
   244 | D        | Noticed a hell hound
   247 | D        | Killed a hell hound
   248 | D        | Reached **** piety under Trog
   306 | D        | Entered arena 6.
   306 | D        | Noticed a porcupine
   306 | D        | Noticed a yak
   306 | D        | Noticed an iguana
   306 | D        | Noticed a yak
   312 | D        | Killed a yak
   312 | D        | Reached ***** piety under Trog
   314 | D        | Killed a yak
   316 | D        | Killed an iguana
   319 | D        | Killed a porcupine
   319 | D        | Received a gift from Trog
   339 | D        | Got the +0 pair of gloves of Jipt {rPois MR- Dex+9}
   376 | D        | Entered arena 7.
   376 | D        | Noticed a mummy priest
   376 | D        | Noticed a guardian mummy
   376 | D        | Noticed an anubis guard
   376 | D        | Noticed a mummy priest
   379 | D        | Killed an anubis guard
   379 | D        | Reached skill level 17 in Maces & Flails
   379 | D        | Reached XP level 9. HP: 45/79 MP: 8/8
   383 | D        | Killed a mummy priest
   387 | D        | Killed a guardian mummy
   392 | D        | Killed a mummy priest
   392 | D        | Reached skill level 18 in Maces & Flails
   392 | D        | Reached skill level 15 in Shields
   595 | D        | Entered arena 8.
   595 | D        | Noticed a golden eye
   595 | D        | Noticed a shining eye
   595 | D        | Noticed a shining eye
   595 | D        | Noticed a fire drake
   595 | D        | Noticed a human
   595 | D        | Noticed a shining eye
   595 | D        | Noticed a neqoxec
   595 | D        | Gained mutation: Armour fits poorly on your strangely shaped body. [a shining eye]
   599 | D        | a golden eye changed into a two-headed ogre
   600 | D        | Killed a fire drake
   603 | D        | Killed a neqoxec
   608 | D        | Killed a shining eye
   608 | D        | Reached XP level 10. HP: 86/86 MP: 9/9
   611 | D        | Killed a shining eye
   611 | D        | Reached skill level 19 in Maces & Flails
   613 | D        | Killed a shining eye
   615 | D        | Killed a human
   616 | D        | Received a gift from Trog
   653 | D        | Entered arena 9.
   653 | D        | Noticed an orc warrior
   653 | D        | Noticed an orc wizard
   653 | D        | Noticed an orc warrior
   653 | D        | Noticed an orc priest
   653 | D        | Noticed an orc warrior
   653 | D        | Noticed an orc priest
   653 | D        | Noticed an orc priest
   653 | D        | Noticed an orc priest
   659 | D        | Killed an orc warrior
   661 | D        | Killed an orc warrior
   662 | D        | Killed an orc priest
   663 | D        | Killed an orc priest
   665 | D        | Killed an orc priest
   666 | D        | Killed an orc warrior
   668 | D        | Killed an orc priest
   668 | D        | Received a gift from Trog
   670 | D        | Killed an orc wizard
   670 | D        | Reached ****** piety under Trog
   689 | D        | Received a gift from Trog
   691 | D        | Got the +4 flail "Deyteezi" {crush, rN+ Str+4}
   713 | D        | Entered arena 10.
   713 | D        | Noticed an orc warrior
   713 | D        | Noticed an orc warrior
   713 | D        | Noticed an orc priest
   713 | D        | Noticed an orc priest
   713 | D        | Noticed an orc priest
   713 | D        | Noticed an orc wizard
   713 | D        | Noticed an orc wizard
   713 | D        | Noticed an orc priest
   713 | D        | Noticed an orc priest
   717 | D        | Killed an orc wizard
   723 | D        | Killed an orc warrior
   724 | D        | Killed an orc priest
   725 | D        | Killed an orc priest
   727 | D        | Killed an orc priest
   728 | D        | Killed an orc priest
   728 | D        | Received a gift from Trog
   729 | D        | Killed an orc wizard
   732 | D        | Killed an orc priest
   736 | D        | Killed an orc warrior
   784 | D        | Reached XP level 11. HP: 93/102 MP: 10/10
   808 | D        | Entered arena 11.
   808 | D        | Noticed a jelly
   808 | D        | Noticed a death ooze
   808 | D        | Noticed a jelly
   809 | D        | Noticed a shining eye
   809 | D        | Noticed a death ooze
   809 | D        | Noticed a slime creature
   809 | D        | Noticed a great orb of eyes
   809 | D        | Noticed a slime creature
   814 | D        | Killed a jelly
   816 | D        | Killed a slime creature
   816 | D        | Reached skill level 20 in Maces & Flails
   817 | D        | Killed a jelly
   817 | D        | Received a gift from Trog
   819 | D        | Paralysed by a giant eyeball for 4 turns
   820 | D        | Killed a death ooze
   824 | D        | Killed a great orb of eyes
   824 | D        | Reached skill level 5 in Dodging
   827 | D        | Killed a death ooze
   828 | D        | Killed a shining eye
   832 | D        | Killed a slime creature
  1165 | D        | Entered arena 12.
  1165 | D        | Noticed Erica
  1165 | D        | Noticed Crazy Yiuf
  1165 | D        | Noticed Grum
  1165 | D        | Noticed Gastronok
  1165 | D        | Noticed Polyphemus
  1166 | D        | Noticed Edmund
  1166 | D        | Noticed Aizul
  1167 | D        | Noticed Agnes
  1168 | D        | Noticed Jessica
  1168 | D        | Noticed Kirke
  1180 | D        | Killed Aizul
  1182 | D        | Killed Crazy Yiuf
  1182 | D        | Received a gift from Trog
  1184 | D        | Killed Edmund
  1184 | D        | Reached skill level 10 in Armour
  1185 | D        | Killed Agnes
  1185 | D        | Reached skill level 15 in Fighting
  1185 | D        | Reached XP level 12. HP: 82/117 MP: 11/11
  1186 | D        | Killed Jessica
  1195 | D        | Killed Polyphemus
  1195 | D        | Reached skill level 21 in Maces & Flails
  1202 | D        | HP: 1/118 [harpy[Kirke] (8)]
  1202 | D        | Mangled by Grum

Action                   |  1- 3 |  4- 6 |  7- 9 | 10-12 || total
-------------------------+-------+-------+-------+-------++-------
Melee: Demon whip        |     5 |     6 |    57 |    79 ||   147
Invok: Berserk           |     1 |     1 |     5 |     4 ||    11
       Brothers in Arms  |       |       |     3 |     5 ||     8
       Burn Spellbooks   |       |       |     2 |     3 ||     5
       Trog's Hand       |       |       |     1 |     1 ||     2
  Use: Scroll            |       |     1 |       |       ||     1
       Potion            |       |       |       |     1 ||     1
 Stab: Distracted        |       |       |       |     1 ||     1
  Eat: Fruit             |       |       |     4 |     2 ||     6
       Chunk             |       |       |     2 |     5 ||     7
